Workbook

Sheet Inicio
B1: fintay | C1: Análise de empresa
C2: Resultados, margens, dívida, caixa e múltiplos de uma companhia aberta, conectados à Fintay.
B4: Comece aqui
B6: Empresa (ticker) | D6: WEGE3 | E6: Troque o ticker e clique em Fintay > Atualizar dados.
B7: Anos de histórico | D7: 5 | E7: De 2 a 8 anos de demonstrações anuais.
B8: Empresa | D8: =IFERROR(INDEX(_xlfn.ANCHORARRAY(Mercado!$B$13),2,MATCH("long_name",INDEX(_xlfn.ANCHORARRAY(Mercado!$B$13),1,0),0)),"")
B10: Como usar
B11: 1. Instale o suplemento Fintay para Excel e entre na sua conta (guia Fintay > Entrar).
B12: 2. Escreva o ticker na célula amarela. Os demonstrativos e os múltiplos são carregados nas abas azuis.
B13: 3. Leia a aba Analise (resultados, margens, dívida e caixa) e a aba Multiplos.
B14: 4. Salve uma cópia com outro nome para guardar a sua análise.
B16: Legenda
B17: Dados conectados | C17: Vêm da Fintay e mudam quando você clica em Fintay > Atualizar dados.
B18: Suas entradas | C18: Ticker, datas e premissas. Atualizar os dados nunca sobrescreve estas células.
B19: Resultados | C19: Calculados a partir dos dados e das suas entradas.
B21: Fontes e unidades
B22: Demonstrações financeiras anuais (DFP) entregues à CVM, consolidadas, em R$ milhões. Cotação e múltiplos de mercado do último pregão disponível.
B23: Códigos de conta do padrão CVM para empresas não financeiras. Para bancos e seguradoras a estrutura das demonstrações é outra e os indicadores desta planilha não se aplicam.
B24: Informativo. Não constitui recomendação de investimento.

Sheet Analise
B1: fintay | C1: Análise
C2: Resultados, margens, endividamento e geração de caixa por ano. R$ milhões.
B4: =Inicio!$D$6&" · "&Inicio!$D$8 -> WEGE3 ·
B5: Exercício | D5: {=IFERROR(VALUE(MID(INDEX(_xlfn.ANCHORARRAY(DRE!$B$5),1,COLUMN()-1),7,4)),"")} | E5: {=IFERROR(VALUE(MID(INDEX(_xlfn.ANCHORARRAY(DRE!$B$5),1,COLUMN()-1),7,4)),"")} | F5: {=IFERROR(VALUE(MID(INDEX(_xlfn.ANCHORARRAY(DRE!$B$5),1,COLUMN()-1),7,4)),"")} | G5: {=IFERROR(VALUE(MID(INDEX(_xlfn.ANCHORARRAY(DRE!$B$5),1,COLUMN()-1),7,4)),"")} | H5: {=IFERROR(VALUE(MID(INDEX(_xlfn.ANCHORARRAY(DRE!$B$5),1,COLUMN()-1),7,4)),"")} | I5: {=IFERROR(VALUE(MID(INDEX(_xlfn.ANCHORARRAY(DRE!$B$5),1,COLUMN()-1),7,4)),"")} | J5: {=IFERROR(VALUE(MID(INDEX(_xlfn.ANCHORARRAY(DRE!$B$5),1,COLUMN()-1),7,4)),"")} | K5: {=IFERROR(VALUE(MID(INDEX(_xlfn.ANCHORARRAY(DRE!$B$5),1,COLUMN()-1),7,4)),"")}
B6: Resultado
B7: Receita líquida | D7: {=IF(D$5="","",IFERROR(_xlfn.XLOOKUP("3.01",INDEX(_xlfn.ANCHORARRAY(DRE!$B$5),0,1),INDEX(_xlfn.ANCHORARRAY(DRE!$B$5),0,COLUMN()-1)),""))} | E7: {=IF(E$5="","",IFERROR(_xlfn.XLOOKUP("3.01",INDEX(_xlfn.ANCHORARRAY(DRE!$B$5),0,1),INDEX(_xlfn.ANCHORARRAY(DRE!$B$5),0,COLUMN()-1)),""))} | F7: {=IF(F$5="","",IFERROR(_xlfn.XLOOKUP("3.01",INDEX(_xlfn.ANCHORARRAY(DRE!$B$5),0,1),INDEX(_xlfn.ANCHORARRAY(DRE!$B$5),0,COLUMN()-1)),""))} | G7: {=IF(G$5="","",IFERROR(_xlfn.XLOOKUP("3.01",INDEX(_xlfn.ANCHORARRAY(DRE!$B$5),0,1),INDEX(_xlfn.ANCHORARRAY(DRE!$B$5),0,COLUMN()-1)),""))} | H7: {=IF(H$5="","",IFERROR(_xlfn.XLOOKUP("3.01",INDEX(_xlfn.ANCHORARRAY(DRE!$B$5),0,1),INDEX(_xlfn.ANCHORARRAY(DRE!$B$5),0,COLUMN()-1)),""))} | I7: {=IF(I$5="","",IFERROR(_xlfn.XLOOKUP("3.01",INDEX(_xlfn.ANCHORARRAY(DRE!$B$5),0,1),INDEX(_xlfn.ANCHORARRAY(DRE!$B$5),0,COLUMN()-1)),""))} | J7: {=IF(J$5="","",IFERROR(_xlfn.XLOOKUP("3.01",INDEX(_xlfn.ANCHORARRAY(DRE!$B$5),0,1),INDEX(_xlfn.ANCHORARRAY(DRE!$B$5),0,COLUMN()-1)),""))} | K7: {=IF(K$5="","",IFERROR(_xlfn.XLOOKUP("3.01",INDEX(_xlfn.ANCHORARRAY(DRE!$B$5),0,1),INDEX(_xlfn.ANCHORARRAY(DRE!$B$5),0,COLUMN()-1)),""))}
B8: Crescimento da receita | D8: ="" | E8: =IF(E$5="","",IFERROR(E7/D7-1,"")) | F8: =IF(F$5="","",IFERROR(F7/E7-1,"")) | G8: =IF(G$5="","",IFERROR(G7/F7-1,"")) | H8: =IF(H$5="","",IFERROR(H7/G7-1,"")) | I8: =IF(I$5="","",IFERROR(I7/H7-1,"")) | J8: =IF(J$5="","",IFERROR(J7/I7-1,"")) | K8: =IF(K$5="","",IFERROR(K7/J7-1,""))
B9: Lucro bruto | D9: {=IF(D$5="","",IFERROR(_xlfn.XLOOKUP("3.03",INDEX(_xlfn.ANCHORARRAY(DRE!$B$5),0,1),INDEX(_xlfn.ANCHORARRAY(DRE!$B$5),0,COLUMN()-1)),""))} | E9: {=IF(E$5="","",IFERROR(_xlfn.XLOOKUP("3.03",INDEX(_xlfn.ANCHORARRAY(DRE!$B$5),0,1),INDEX(_xlfn.ANCHORARRAY(DRE!$B$5),0,COLUMN()-1)),""))} | F9: {=IF(F$5="","",IFERROR(_xlfn.XLOOKUP("3.03",INDEX(_xlfn.ANCHORARRAY(DRE!$B$5),0,1),INDEX(_xlfn.ANCHORARRAY(DRE!$B$5),0,COLUMN()-1)),""))} | G9: {=IF(G$5="","",IFERROR(_xlfn.XLOOKUP("3.03",INDEX(_xlfn.ANCHORARRAY(DRE!$B$5),0,1),INDEX(_xlfn.ANCHORARRAY(DRE!$B$5),0,COLUMN()-1)),""))} | H9: {=IF(H$5="","",IFERROR(_xlfn.XLOOKUP("3.03",INDEX(_xlfn.ANCHORARRAY(DRE!$B$5),0,1),INDEX(_xlfn.ANCHORARRAY(DRE!$B$5),0,COLUMN()-1)),""))} | I9: {=IF(I$5="","",IFERROR(_xlfn.XLOOKUP("3.03",INDEX(_xlfn.ANCHORARRAY(DRE!$B$5),0,1),INDEX(_xlfn.ANCHORARRAY(DRE!$B$5),0,COLUMN()-1)),""))} | J9: {=IF(J$5="","",IFERROR(_xlfn.XLOOKUP("3.03",INDEX(_xlfn.ANCHORARRAY(DRE!$B$5),0,1),INDEX(_xlfn.ANCHORARRAY(DRE!$B$5),0,COLUMN()-1)),""))} | K9: {=IF(K$5="","",IFERROR(_xlfn.XLOOKUP("3.03",INDEX(_xlfn.ANCHORARRAY(DRE!$B$5),0,1),INDEX(_xlfn.ANCHORARRAY(DRE!$B$5),0,COLUMN()-1)),""))}
B10: Margem bruta | D10: =IF(D$5="","",IFERROR(D9/D7,"")) | E10: =IF(E$5="","",IFERROR(E9/E7,"")) | F10: =IF(F$5="","",IFERROR(F9/F7,"")) | G10: =IF(G$5="","",IFERROR(G9/G7,"")) | H10: =IF(H$5="","",IFERROR(H9/H7,"")) | I10: =IF(I$5="","",IFERROR(I9/I7,"")) | J10: =IF(J$5="","",IFERROR(J9/J7,"")) | K10: =IF(K$5="","",IFERROR(K9/K7,""))
B11: Resultado operacional (EBIT) | D11: {=IF(D$5="","",IFERROR(_xlfn.XLOOKUP("3.05",INDEX(_xlfn.ANCHORARRAY(DRE!$B$5),0,1),INDEX(_xlfn.ANCHORARRAY(DRE!$B$5),0,COLUMN()-1)),""))} | E11: {=IF(E$5="","",IFERROR(_xlfn.XLOOKUP("3.05",INDEX(_xlfn.ANCHORARRAY(DRE!$B$5),0,1),INDEX(_xlfn.ANCHORARRAY(DRE!$B$5),0,COLUMN()-1)),""))} | F11: {=IF(F$5="","",IFERROR(_xlfn.XLOOKUP("3.05",INDEX(_xlfn.ANCHORARRAY(DRE!$B$5),0,1),INDEX(_xlfn.ANCHORARRAY(DRE!$B$5),0,COLUMN()-1)),""))} | G11: {=IF(G$5="","",IFERROR(_xlfn.XLOOKUP("3.05",INDEX(_xlfn.ANCHORARRAY(DRE!$B$5),0,1),INDEX(_xlfn.ANCHORARRAY(DRE!$B$5),0,COLUMN()-1)),""))} | H11: {=IF(H$5="","",IFERROR(_xlfn.XLOOKUP("3.05",INDEX(_xlfn.ANCHORARRAY(DRE!$B$5),0,1),INDEX(_xlfn.ANCHORARRAY(DRE!$B$5),0,COLUMN()-1)),""))} | I11: {=IF(I$5="","",IFERROR(_xlfn.XLOOKUP("3.05",INDEX(_xlfn.ANCHORARRAY(DRE!$B$5),0,1),INDEX(_xlfn.ANCHORARRAY(DRE!$B$5),0,COLUMN()-1)),""))} | J11: {=IF(J$5="","",IFERROR(_xlfn.XLOOKUP("3.05",INDEX(_xlfn.ANCHORARRAY(DRE!$B$5),0,1),INDEX(_xlfn.ANCHORARRAY(DRE!$B$5),0,COLUMN()-1)),""))} | K11: {=IF(K$5="","",IFERROR(_xlfn.XLOOKUP("3.05",INDEX(_xlfn.ANCHORARRAY(DRE!$B$5),0,1),INDEX(_xlfn.ANCHORARRAY(DRE!$B$5),0,COLUMN()-1)),""))}
B12: Margem EBIT | D12: =IF(D$5="","",IFERROR(D11/D7,"")) | E12: =IF(E$5="","",IFERROR(E11/E7,"")) | F12: =IF(F$5="","",IFERROR(F11/F7,"")) | G12: =IF(G$5="","",IFERROR(G11/G7,"")) | H12: =IF(H$5="","",IFERROR(H11/H7,"")) | I12: =IF(I$5="","",IFERROR(I11/I7,"")) | J12: =IF(J$5="","",IFERROR(J11/J7,"")) | K12: =IF(K$5="","",IFERROR(K11/K7,""))
B13: Depreciação e amortização | D13: {=IF(D$5="","",IFERROR(_xlfn.XLOOKUP("*eprecia*",INDEX(_xlfn.ANCHORARRAY(Caixa!$B$5),0,2),INDEX(_xlfn.ANCHORARRAY(Caixa!$B$5),0,COLUMN()-1),"",2),""))} | E13: {=IF(E$5="","",IFERROR(_xlfn.XLOOKUP("*eprecia*",INDEX(_xlfn.ANCHORARRAY(Caixa!$B$5),0,2),INDEX(_xlfn.ANCHORARRAY(Caixa!$B$5),0,COLUMN()-1),"",2),""))} | F13: {=IF(F$5="","",IFERROR(_xlfn.XLOOKUP("*eprecia*",INDEX(_xlfn.ANCHORARRAY(Caixa!$B$5),0,2),INDEX(_xlfn.ANCHORARRAY(Caixa!$B$5),0,COLUMN()-1),"",2),""))} | G13: {=IF(G$5="","",IFERROR(_xlfn.XLOOKUP("*eprecia*",INDEX(_xlfn.ANCHORARRAY(Caixa!$B$5),0,2),INDEX(_xlfn.ANCHORARRAY(Caixa!$B$5),0,COLUMN()-1),"",2),""))} | H13: {=IF(H$5="","",IFERROR(_xlfn.XLOOKUP("*eprecia*",INDEX(_xlfn.ANCHORARRAY(Caixa!$B$5),0,2),INDEX(_xlfn.ANCHORARRAY(Caixa!$B$5),0,COLUMN()-1),"",2),""))} | I13: {=IF(I$5="","",IFERROR(_xlfn.XLOOKUP("*eprecia*",INDEX(_xlfn.ANCHORARRAY(Caixa!$B$5),0,2),INDEX(_xlfn.ANCHORARRAY(Caixa!$B$5),0,COLUMN()-1),"",2),""))} | J13: {=IF(J$5="","",IFERROR(_xlfn.XLOOKUP("*eprecia*",INDEX(_xlfn.ANCHORARRAY(Caixa!$B$5),0,2),INDEX(_xlfn.ANCHORARRAY(Caixa!$B$5),0,COLUMN()-1),"",2),""))} | K13: {=IF(K$5="","",IFERROR(_xlfn.XLOOKUP("*eprecia*",INDEX(_xlfn.ANCHORARRAY(Caixa!$B$5),0,2),INDEX(_xlfn.ANCHORARRAY(Caixa!$B$5),0,COLUMN()-1),"",2),""))}
B14: EBITDA | D14: =IF(D$5="","",IFERROR(D11+N(D13),"")) | E14: =IF(E$5="","",IFERROR(E11+N(E13),"")) | F14: =IF(F$5="","",IFERROR(F11+N(F13),"")) | G14: =IF(G$5="","",IFERROR(G11+N(G13),"")) | H14: =IF(H$5="","",IFERROR(H11+N(H13),"")) | I14: =IF(I$5="","",IFERROR(I11+N(I13),"")) | J14: =IF(J$5="","",IFERROR(J11+N(J13),"")) | K14: =IF(K$5="","",IFERROR(K11+N(K13),""))
B15: Margem EBITDA | D15: =IF(D$5="","",IFERROR(D14/D7,"")) | E15: =IF(E$5="","",IFERROR(E14/E7,"")) | F15: =IF(F$5="","",IFERROR(F14/F7,"")) | G15: =IF(G$5="","",IFERROR(G14/G7,"")) | H15: =IF(H$5="","",IFERROR(H14/H7,"")) | I15: =IF(I$5="","",IFERROR(I14/I7,"")) | J15: =IF(J$5="","",IFERROR(J14/J7,"")) | K15: =IF(K$5="","",IFERROR(K14/K7,""))
B16: Resultado financeiro | D16: {=IF(D$5="","",IFERROR(_xlfn.XLOOKUP("3.06",INDEX(_xlfn.ANCHORARRAY(DRE!$B$5),0,1),INDEX(_xlfn.ANCHORARRAY(DRE!$B$5),0,COLUMN()-1)),""))} | E16: {=IF(E$5="","",IFERROR(_xlfn.XLOOKUP("3.06",INDEX(_xlfn.ANCHORARRAY(DRE!$B$5),0,1),INDEX(_xlfn.ANCHORARRAY(DRE!$B$5),0,COLUMN()-1)),""))} | F16: {=IF(F$5="","",IFERROR(_xlfn.XLOOKUP("3.06",INDEX(_xlfn.ANCHORARRAY(DRE!$B$5),0,1),INDEX(_xlfn.ANCHORARRAY(DRE!$B$5),0,COLUMN()-1)),""))} | G16: {=IF(G$5="","",IFERROR(_xlfn.XLOOKUP("3.06",INDEX(_xlfn.ANCHORARRAY(DRE!$B$5),0,1),INDEX(_xlfn.ANCHORARRAY(DRE!$B$5),0,COLUMN()-1)),""))} | H16: {=IF(H$5="","",IFERROR(_xlfn.XLOOKUP("3.06",INDEX(_xlfn.ANCHORARRAY(DRE!$B$5),0,1),INDEX(_xlfn.ANCHORARRAY(DRE!$B$5),0,COLUMN()-1)),""))} | I16: {=IF(I$5="","",IFERROR(_xlfn.XLOOKUP("3.06",INDEX(_xlfn.ANCHORARRAY(DRE!$B$5),0,1),INDEX(_xlfn.ANCHORARRAY(DRE!$B$5),0,COLUMN()-1)),""))} | J16: {=IF(J$5="","",IFERROR(_xlfn.XLOOKUP("3.06",INDEX(_xlfn.ANCHORARRAY(DRE!$B$5),0,1),INDEX(_xlfn.ANCHORARRAY(DRE!$B$5),0,COLUMN()-1)),""))} | K16: {=IF(K$5="","",IFERROR(_xlfn.XLOOKUP("3.06",INDEX(_xlfn.ANCHORARRAY(DRE!$B$5),0,1),INDEX(_xlfn.ANCHORARRAY(DRE!$B$5),0,COLUMN()-1)),""))}
B17: Lucro líquido consolidado | D17: {=IF(D$5="","",IFERROR(_xlfn.XLOOKUP("3.11",INDEX(_xlfn.ANCHORARRAY(DRE!$B$5),0,1),INDEX(_xlfn.ANCHORARRAY(DRE!$B$5),0,COLUMN()-1)),""))} | E17: {=IF(E$5="","",IFERROR(_xlfn.XLOOKUP("3.11",INDEX(_xlfn.ANCHORARRAY(DRE!$B$5),0,1),INDEX(_xlfn.ANCHORARRAY(DRE!$B$5),0,COLUMN()-1)),""))} | F17: {=IF(F$5="","",IFERROR(_xlfn.XLOOKUP("3.11",INDEX(_xlfn.ANCHORARRAY(DRE!$B$5),0,1),INDEX(_xlfn.ANCHORARRAY(DRE!$B$5),0,COLUMN()-1)),""))} | G17: {=IF(G$5="","",IFERROR(_xlfn.XLOOKUP("3.11",INDEX(_xlfn.ANCHORARRAY(DRE!$B$5),0,1),INDEX(_xlfn.ANCHORARRAY(DRE!$B$5),0,COLUMN()-1)),""))} | H17: {=IF(H$5="","",IFERROR(_xlfn.XLOOKUP("3.11",INDEX(_xlfn.ANCHORARRAY(DRE!$B$5),0,1),INDEX(_xlfn.ANCHORARRAY(DRE!$B$5),0,COLUMN()-1)),""))} | I17: {=IF(I$5="","",IFERROR(_xlfn.XLOOKUP("3.11",INDEX(_xlfn.ANCHORARRAY(DRE!$B$5),0,1),INDEX(_xlfn.ANCHORARRAY(DRE!$B$5),0,COLUMN()-1)),""))} | J17: {=IF(J$5="","",IFERROR(_xlfn.XLOOKUP("3.11",INDEX(_xlfn.ANCHORARRAY(DRE!$B$5),0,1),INDEX(_xlfn.ANCHORARRAY(DRE!$B$5),0,COLUMN()-1)),""))} | K17: {=IF(K$5="","",IFERROR(_xlfn.XLOOKUP("3.11",INDEX(_xlfn.ANCHORARRAY(DRE!$B$5),0,1),INDEX(_xlfn.ANCHORARRAY(DRE!$B$5),0,COLUMN()-1)),""))}
B18: Margem líquida | D18: =IF(D$5="","",IFERROR(D17/D7,"")) | E18: =IF(E$5="","",IFERROR(E17/E7,"")) | F18: =IF(F$5="","",IFERROR(F17/F7,"")) | G18: =IF(G$5="","",IFERROR(G17/G7,"")) | H18: =IF(H$5="","",IFERROR(H17/H7,"")) | I18: =IF(I$5="","",IFERROR(I17/I7,"")) | J18: =IF(J$5="","",IFERROR(J17/J7,"")) | K18: =IF(K$5="","",IFERROR(K17/K7,""))
B19: Balanço
B20: Ativo total | D20: {=IF(D$5="","",IFERROR(_xlfn.XLOOKUP("1",INDEX(_xlfn.ANCHORARRAY(Ativo!$B$5),0,1),INDEX(_xlfn.ANCHORARRAY(Ativo!$B$5),0,COLUMN()-1)),""))} | E20: {=IF(E$5="","",IFERROR(_xlfn.XLOOKUP("1",INDEX(_xlfn.ANCHORARRAY(Ativo!$B$5),0,1),INDEX(_xlfn.ANCHORARRAY(Ativo!$B$5),0,COLUMN()-1)),""))} | F20: {=IF(F$5="","",IFERROR(_xlfn.XLOOKUP("1",INDEX(_xlfn.ANCHORARRAY(Ativo!$B$5),0,1),INDEX(_xlfn.ANCHORARRAY(Ativo!$B$5),0,COLUMN()-1)),""))} | G20: {=IF(G$5="","",IFERROR(_xlfn.XLOOKUP("1",INDEX(_xlfn.ANCHORARRAY(Ativo!$B$5),0,1),INDEX(_xlfn.ANCHORARRAY(Ativo!$B$5),0,COLUMN()-1)),""))} | H20: {=IF(H$5="","",IFERROR(_xlfn.XLOOKUP("1",INDEX(_xlfn.ANCHORARRAY(Ativo!$B$5),0,1),INDEX(_xlfn.ANCHORARRAY(Ativo!$B$5),0,COLUMN()-1)),""))} | I20: {=IF(I$5="","",IFERROR(_xlfn.XLOOKUP("1",INDEX(_xlfn.ANCHORARRAY(Ativo!$B$5),0,1),INDEX(_xlfn.ANCHORARRAY(Ativo!$B$5),0,COLUMN()-1)),""))} | J20: {=IF(J$5="","",IFERROR(_xlfn.XLOOKUP("1",INDEX(_xlfn.ANCHORARRAY(Ativo!$B$5),0,1),INDEX(_xlfn.ANCHORARRAY(Ativo!$B$5),0,COLUMN()-1)),""))} | K20: {=IF(K$5="","",IFERROR(_xlfn.XLOOKUP("1",INDEX(_xlfn.ANCHORARRAY(Ativo!$B$5),0,1),INDEX(_xlfn.ANCHORARRAY(Ativo!$B$5),0,COLUMN()-1)),""))}
B21: Caixa e aplicações | D21: {=IF(D$5="","",IFERROR(N(IFERROR(_xlfn.XLOOKUP("1.01.01",INDEX(_xlfn.ANCHORARRAY(Ativo!$B$5),0,1),INDEX(_xlfn.ANCHORARRAY(Ativo!$B$5),0,COLUMN()-1)),""))+N(IFERROR(_xlfn.XLOOKUP("1.01.02",INDEX(_xlfn.ANCHORARRAY(Ativo!$B$5),0,1),INDEX(_xlfn.ANCHORARRAY(Ativo!$B$5),0,COLUMN()-1)),"")),""))} | E21: {=IF(E$5="","",IFERROR(N(IFERROR(_xlfn.XLOOKUP("1.01.01",INDEX(_xlfn.ANCHORARRAY(Ativo!$B$5),0,1),INDEX(_xlfn.ANCHORARRAY(Ativo!$B$5),0,COLUMN()-1)),""))+N(IFERROR(_xlfn.XLOOKUP("1.01.02",INDEX(_xlfn.ANCHORARRAY(Ativo!$B$5),0,1),INDEX(_xlfn.ANCHORARRAY(Ativo!$B$5),0,COLUMN()-1)),"")),""))} | F21: {=IF(F$5="","",IFERROR(N(IFERROR(_xlfn.XLOOKUP("1.01.01",INDEX(_xlfn.ANCHORARRAY(Ativo!$B$5),0,1),INDEX(_xlfn.ANCHORARRAY(Ativo!$B$5),0,COLUMN()-1)),""))+N(IFERROR(_xlfn.XLOOKUP("1.01.02",INDEX(_xlfn.ANCHORARRAY(Ativo!$B$5),0,1),INDEX(_xlfn.ANCHORARRAY(Ativo!$B$5),0,COLUMN()-1)),"")),""))} | G21: {=IF(G$5="","",IFERROR(N(IFERROR(_xlfn.XLOOKUP("1.01.01",INDEX(_xlfn.ANCHORARRAY(Ativo!$B$5),0,1),INDEX(_xlfn.ANCHORARRAY(Ativo!$B$5),0,COLUMN()-1)),""))+N(IFERROR(_xlfn.XLOOKUP("1.01.02",INDEX(_xlfn.ANCHORARRAY(Ativo!$B$5),0,1),INDEX(_xlfn.ANCHORARRAY(Ativo!$B$5),0,COLUMN()-1)),"")),""))} | H21: {=IF(H$5="","",IFERROR(N(IFERROR(_xlfn.XLOOKUP("1.01.01",INDEX(_xlfn.ANCHORARRAY(Ativo!$B$5),0,1),INDEX(_xlfn.ANCHORARRAY(Ativo!$B$5),0,COLUMN()-1)),""))+N(IFERROR(_xlfn.XLOOKUP("1.01.02",INDEX(_xlfn.ANCHORARRAY(Ativo!$B$5),0,1),INDEX(_xlfn.ANCHORARRAY(Ativo!$B$5),0,COLUMN()-1)),"")),""))} | I21: {=IF(I$5="","",IFERROR(N(IFERROR(_xlfn.XLOOKUP("1.01.01",INDEX(_xlfn.ANCHORARRAY(Ativo!$B$5),0,1),INDEX(_xlfn.ANCHORARRAY(Ativo!$B$5),0,COLUMN()-1)),""))+N(IFERROR(_xlfn.XLOOKUP("1.01.02",INDEX(_xlfn.ANCHORARRAY(Ativo!$B$5),0,1),INDEX(_xlfn.ANCHORARRAY(Ativo!$B$5),0,COLUMN()-1)),"")),""))} | J21: {=IF(J$5="","",IFERROR(N(IFERROR(_xlfn.XLOOKUP("1.01.01",INDEX(_xlfn.ANCHORARRAY(Ativo!$B$5),0,1),INDEX(_xlfn.ANCHORARRAY(Ativo!$B$5),0,COLUMN()-1)),""))+N(IFERROR(_xlfn.XLOOKUP("1.01.02",INDEX(_xlfn.ANCHORARRAY(Ativo!$B$5),0,1),INDEX(_xlfn.ANCHORARRAY(Ativo!$B$5),0,COLUMN()-1)),"")),""))} | K21: {=IF(K$5="","",IFERROR(N(IFERROR(_xlfn.XLOOKUP("1.01.01",INDEX(_xlfn.ANCHORARRAY(Ativo!$B$5),0,1),INDEX(_xlfn.ANCHORARRAY(Ativo!$B$5),0,COLUMN()-1)),""))+N(IFERROR(_xlfn.XLOOKUP("1.01.02",INDEX(_xlfn.ANCHORARRAY(Ativo!$B$5),0,1),INDEX(_xlfn.ANCHORARRAY(Ativo!$B$5),0,COLUMN()-1)),"")),""))}
B22: Dívida bruta | D22: {=IF(D$5="","",IFERROR(N(IFERROR(_xlfn.XLOOKUP("2.01.04",INDEX(_xlfn.ANCHORARRAY(Passivo!$B$5),0,1),INDEX(_xlfn.ANCHORARRAY(Passivo!$B$5),0,COLUMN()-1)),""))+N(IFERROR(_xlfn.XLOOKUP("2.02.01",INDEX(_xlfn.ANCHORARRAY(Passivo!$B$5),0,1),INDEX(_xlfn.ANCHORARRAY(Passivo!$B$5),0,COLUMN()-1)),"")),""))} | E22: {=IF(E$5="","",IFERROR(N(IFERROR(_xlfn.XLOOKUP("2.01.04",INDEX(_xlfn.ANCHORARRAY(Passivo!$B$5),0,1),INDEX(_xlfn.ANCHORARRAY(Passivo!$B$5),0,COLUMN()-1)),""))+N(IFERROR(_xlfn.XLOOKUP("2.02.01",INDEX(_xlfn.ANCHORARRAY(Passivo!$B$5),0,1),INDEX(_xlfn.ANCHORARRAY(Passivo!$B$5),0,COLUMN()-1)),"")),""))} | F22: {=IF(F$5="","",IFERROR(N(IFERROR(_xlfn.XLOOKUP("2.01.04",INDEX(_xlfn.ANCHORARRAY(Passivo!$B$5),0,1),INDEX(_xlfn.ANCHORARRAY(Passivo!$B$5),0,COLUMN()-1)),""))+N(IFERROR(_xlfn.XLOOKUP("2.02.01",INDEX(_xlfn.ANCHORARRAY(Passivo!$B$5),0,1),INDEX(_xlfn.ANCHORARRAY(Passivo!$B$5),0,COLUMN()-1)),"")),""))} | G22: {=IF(G$5="","",IFERROR(N(IFERROR(_xlfn.XLOOKUP("2.01.04",INDEX(_xlfn.ANCHORARRAY(Passivo!$B$5),0,1),INDEX(_xlfn.ANCHORARRAY(Passivo!$B$5),0,COLUMN()-1)),""))+N(IFERROR(_xlfn.XLOOKUP("2.02.01",INDEX(_xlfn.ANCHORARRAY(Passivo!$B$5),0,1),INDEX(_xlfn.ANCHORARRAY(Passivo!$B$5),0,COLUMN()-1)),"")),""))} | H22: {=IF(H$5="","",IFERROR(N(IFERROR(_xlfn.XLOOKUP("2.01.04",INDEX(_xlfn.ANCHORARRAY(Passivo!$B$5),0,1),INDEX(_xlfn.ANCHORARRAY(Passivo!$B$5),0,COLUMN()-1)),""))+N(IFERROR(_xlfn.XLOOKUP("2.02.01",INDEX(_xlfn.ANCHORARRAY(Passivo!$B$5),0,1),INDEX(_xlfn.ANCHORARRAY(Passivo!$B$5),0,COLUMN()-1)),"")),""))} | I22: {=IF(I$5="","",IFERROR(N(IFERROR(_xlfn.XLOOKUP("2.01.04",INDEX(_xlfn.ANCHORARRAY(Passivo!$B$5),0,1),INDEX(_xlfn.ANCHORARRAY(Passivo!$B$5),0,COLUMN()-1)),""))+N(IFERROR(_xlfn.XLOOKUP("2.02.01",INDEX(_xlfn.ANCHORARRAY(Passivo!$B$5),0,1),INDEX(_xlfn.ANCHORARRAY(Passivo!$B$5),0,COLUMN()-1)),"")),""))} | J22: {=IF(J$5="","",IFERROR(N(IFERROR(_xlfn.XLOOKUP("2.01.04",INDEX(_xlfn.ANCHORARRAY(Passivo!$B$5),0,1),INDEX(_xlfn.ANCHORARRAY(Passivo!$B$5),0,COLUMN()-1)),""))+N(IFERROR(_xlfn.XLOOKUP("2.02.01",INDEX(_xlfn.ANCHORARRAY(Passivo!$B$5),0,1),INDEX(_xlfn.ANCHORARRAY(Passivo!$B$5),0,COLUMN()-1)),"")),""))} | K22: {=IF(K$5="","",IFERROR(N(IFERROR(_xlfn.XLOOKUP("2.01.04",INDEX(_xlfn.ANCHORARRAY(Passivo!$B$5),0,1),INDEX(_xlfn.ANCHORARRAY(Passivo!$B$5),0,COLUMN()-1)),""))+N(IFERROR(_xlfn.XLOOKUP("2.02.01",INDEX(_xlfn.ANCHORARRAY(Passivo!$B$5),0,1),INDEX(_xlfn.ANCHORARRAY(Passivo!$B$5),0,COLUMN()-1)),"")),""))}
B23: Dívida líquida | D23: =IF(D$5="","",IFERROR(D22-D21,"")) | E23: =IF(E$5="","",IFERROR(E22-E21,"")) | F23: =IF(F$5="","",IFERROR(F22-F21,"")) | G23: =IF(G$5="","",IFERROR(G22-G21,"")) | H23: =IF(H$5="","",IFERROR(H22-H21,"")) | I23: =IF(I$5="","",IFERROR(I22-I21,"")) | J23: =IF(J$5="","",IFERROR(J22-J21,"")) | K23: =IF(K$5="","",IFERROR(K22-K21,""))
B24: Patrimônio líquido | D24: {=IF(D$5="","",IFERROR(_xlfn.XLOOKUP("2.03",INDEX(_xlfn.ANCHORARRAY(Passivo!$B$5),0,1),INDEX(_xlfn.ANCHORARRAY(Passivo!$B$5),0,COLUMN()-1)),""))} | E24: {=IF(E$5="","",IFERROR(_xlfn.XLOOKUP("2.03",INDEX(_xlfn.ANCHORARRAY(Passivo!$B$5),0,1),INDEX(_xlfn.ANCHORARRAY(Passivo!$B$5),0,COLUMN()-1)),""))} | F24: {=IF(F$5="","",IFERROR(_xlfn.XLOOKUP("2.03",INDEX(_xlfn.ANCHORARRAY(Passivo!$B$5),0,1),INDEX(_xlfn.ANCHORARRAY(Passivo!$B$5),0,COLUMN()-1)),""))} | G24: {=IF(G$5="","",IFERROR(_xlfn.XLOOKUP("2.03",INDEX(_xlfn.ANCHORARRAY(Passivo!$B$5),0,1),INDEX(_xlfn.ANCHORARRAY(Passivo!$B$5),0,COLUMN()-1)),""))} | H24: {=IF(H$5="","",IFERROR(_xlfn.XLOOKUP("2.03",INDEX(_xlfn.ANCHORARRAY(Passivo!$B$5),0,1),INDEX(_xlfn.ANCHORARRAY(Passivo!$B$5),0,COLUMN()-1)),""))} | I24: {=IF(I$5="","",IFERROR(_xlfn.XLOOKUP("2.03",INDEX(_xlfn.ANCHORARRAY(Passivo!$B$5),0,1),INDEX(_xlfn.ANCHORARRAY(Passivo!$B$5),0,COLUMN()-1)),""))} | J24: {=IF(J$5="","",IFERROR(_xlfn.XLOOKUP("2.03",INDEX(_xlfn.ANCHORARRAY(Passivo!$B$5),0,1),INDEX(_xlfn.ANCHORARRAY(Passivo!$B$5),0,COLUMN()-1)),""))} | K24: {=IF(K$5="","",IFERROR(_xlfn.XLOOKUP("2.03",INDEX(_xlfn.ANCHORARRAY(Passivo!$B$5),0,1),INDEX(_xlfn.ANCHORARRAY(Passivo!$B$5),0,COLUMN()-1)),""))}
B25: Dívida líquida / EBITDA | D25: =IF(D$5="","",IFERROR(D23/D14,"")) | E25: =IF(E$5="","",IFERROR(E23/E14,"")) | F25: =IF(F$5="","",IFERROR(F23/F14,"")) | G25: =IF(G$5="","",IFERROR(G23/G14,"")) | H25: =IF(H$5="","",IFERROR(H23/H14,"")) | I25: =IF(I$5="","",IFERROR(I23/I14,"")) | J25: =IF(J$5="","",IFERROR(J23/J14,"")) | K25: =IF(K$5="","",IFERROR(K23/K14,""))
B26: Dívida líquida / PL | D26: =IF(D$5="","",IFERROR(D23/D24,"")) | E26: =IF(E$5="","",IFERROR(E23/E24,"")) | F26: =IF(F$5="","",IFERROR(F23/F24,"")) | G26: =IF(G$5="","",IFERROR(G23/G24,"")) | H26: =IF(H$5="","",IFERROR(H23/H24,"")) | I26: =IF(I$5="","",IFERROR(I23/I24,"")) | J26: =IF(J$5="","",IFERROR(J23/J24,"")) | K26: =IF(K$5="","",IFERROR(K23/K24,""))
B27: ROE | D27: =IFERROR(D17/D24,"") | E27: =IF(E$5="","",IFERROR(E17/AVERAGE(D24:E24),"")) | F27: =IF(F$5="","",IFERROR(F17/AVERAGE(E24:F24),"")) | G27: =IF(G$5="","",IFERROR(G17/AVERAGE(F24:G24),"")) | H27: =IF(H$5="","",IFERROR(H17/AVERAGE(G24:H24),"")) | I27: =IF(I$5="","",IFERROR(I17/AVERAGE(H24:I24),"")) | J27: =IF(J$5="","",IFERROR(J17/AVERAGE(I24:J24),"")) | K27: =IF(K$5="","",IFERROR(K17/AVERAGE(J24:K24),""))
B28: Caixa
B29: Caixa das operações | D29: {=IF(D$5="","",IFERROR(_xlfn.XLOOKUP("6.01",INDEX(_xlfn.ANCHORARRAY(Caixa!$B$5),0,1),INDEX(_xlfn.ANCHORARRAY(Caixa!$B$5),0,COLUMN()-1)),""))} | E29: {=IF(E$5="","",IFERROR(_xlfn.XLOOKUP("6.01",INDEX(_xlfn.ANCHORARRAY(Caixa!$B$5),0,1),INDEX(_xlfn.ANCHORARRAY(Caixa!$B$5),0,COLUMN()-1)),""))} | F29: {=IF(F$5="","",IFERROR(_xlfn.XLOOKUP("6.01",INDEX(_xlfn.ANCHORARRAY(Caixa!$B$5),0,1),INDEX(_xlfn.ANCHORARRAY(Caixa!$B$5),0,COLUMN()-1)),""))} | G29: {=IF(G$5="","",IFERROR(_xlfn.XLOOKUP("6.01",INDEX(_xlfn.ANCHORARRAY(Caixa!$B$5),0,1),INDEX(_xlfn.ANCHORARRAY(Caixa!$B$5),0,COLUMN()-1)),""))} | H29: {=IF(H$5="","",IFERROR(_xlfn.XLOOKUP("6.01",INDEX(_xlfn.ANCHORARRAY(Caixa!$B$5),0,1),INDEX(_xlfn.ANCHORARRAY(Caixa!$B$5),0,COLUMN()-1)),""))} | I29: {=IF(I$5="","",IFERROR(_xlfn.XLOOKUP("6.01",INDEX(_xlfn.ANCHORARRAY(Caixa!$B$5),0,1),INDEX(_xlfn.ANCHORARRAY(Caixa!$B$5),0,COLUMN()-1)),""))} | J29: {=IF(J$5="","",IFERROR(_xlfn.XLOOKUP("6.01",INDEX(_xlfn.ANCHORARRAY(Caixa!$B$5),0,1),INDEX(_xlfn.ANCHORARRAY(Caixa!$B$5),0,COLUMN()-1)),""))} | K29: {=IF(K$5="","",IFERROR(_xlfn.XLOOKUP("6.01",INDEX(_xlfn.ANCHORARRAY(Caixa!$B$5),0,1),INDEX(_xlfn.ANCHORARRAY(Caixa!$B$5),0,COLUMN()-1)),""))}
B30: Caixa de investimentos | D30: {=IF(D$5="","",IFERROR(_xlfn.XLOOKUP("6.02",INDEX(_xlfn.ANCHORARRAY(Caixa!$B$5),0,1),INDEX(_xlfn.ANCHORARRAY(Caixa!$B$5),0,COLUMN()-1)),""))} | E30: {=IF(E$5="","",IFERROR(_xlfn.XLOOKUP("6.02",INDEX(_xlfn.ANCHORARRAY(Caixa!$B$5),0,1),INDEX(_xlfn.ANCHORARRAY(Caixa!$B$5),0,COLUMN()-1)),""))} | F30: {=IF(F$5="","",IFERROR(_xlfn.XLOOKUP("6.02",INDEX(_xlfn.ANCHORARRAY(Caixa!$B$5),0,1),INDEX(_xlfn.ANCHORARRAY(Caixa!$B$5),0,COLUMN()-1)),""))} | G30: {=IF(G$5="","",IFERROR(_xlfn.XLOOKUP("6.02",INDEX(_xlfn.ANCHORARRAY(Caixa!$B$5),0,1),INDEX(_xlfn.ANCHORARRAY(Caixa!$B$5),0,COLUMN()-1)),""))} | H30: {=IF(H$5="","",IFERROR(_xlfn.XLOOKUP("6.02",INDEX(_xlfn.ANCHORARRAY(Caixa!$B$5),0,1),INDEX(_xlfn.ANCHORARRAY(Caixa!$B$5),0,COLUMN()-1)),""))} | I30: {=IF(I$5="","",IFERROR(_xlfn.XLOOKUP("6.02",INDEX(_xlfn.ANCHORARRAY(Caixa!$B$5),0,1),INDEX(_xlfn.ANCHORARRAY(Caixa!$B$5),0,COLUMN()-1)),""))} | J30: {=IF(J$5="","",IFERROR(_xlfn.XLOOKUP("6.02",INDEX(_xlfn.ANCHORARRAY(Caixa!$B$5),0,1),INDEX(_xlfn.ANCHORARRAY(Caixa!$B$5),0,COLUMN()-1)),""))} | K30: {=IF(K$5="","",IFERROR(_xlfn.XLOOKUP("6.02",INDEX(_xlfn.ANCHORARRAY(Caixa!$B$5),0,1),INDEX(_xlfn.ANCHORARRAY(Caixa!$B$5),0,COLUMN()-1)),""))}
B31: Caixa de financiamentos | D31: {=IF(D$5="","",IFERROR(_xlfn.XLOOKUP("6.03",INDEX(_xlfn.ANCHORARRAY(Caixa!$B$5),0,1),INDEX(_xlfn.ANCHORARRAY(Caixa!$B$5),0,COLUMN()-1)),""))} | E31: {=IF(E$5="","",IFERROR(_xlfn.XLOOKUP("6.03",INDEX(_xlfn.ANCHORARRAY(Caixa!$B$5),0,1),INDEX(_xlfn.ANCHORARRAY(Caixa!$B$5),0,COLUMN()-1)),""))} | F31: {=IF(F$5="","",IFERROR(_xlfn.XLOOKUP("6.03",INDEX(_xlfn.ANCHORARRAY(Caixa!$B$5),0,1),INDEX(_xlfn.ANCHORARRAY(Caixa!$B$5),0,COLUMN()-1)),""))} | G31: {=IF(G$5="","",IFERROR(_xlfn.XLOOKUP("6.03",INDEX(_xlfn.ANCHORARRAY(Caixa!$B$5),0,1),INDEX(_xlfn.ANCHORARRAY(Caixa!$B$5),0,COLUMN()-1)),""))} | H31: {=IF(H$5="","",IFERROR(_xlfn.XLOOKUP("6.03",INDEX(_xlfn.ANCHORARRAY(Caixa!$B$5),0,1),INDEX(_xlfn.ANCHORARRAY(Caixa!$B$5),0,COLUMN()-1)),""))} | I31: {=IF(I$5="","",IFERROR(_xlfn.XLOOKUP("6.03",INDEX(_xlfn.ANCHORARRAY(Caixa!$B$5),0,1),INDEX(_xlfn.ANCHORARRAY(Caixa!$B$5),0,COLUMN()-1)),""))} | J31: {=IF(J$5="","",IFERROR(_xlfn.XLOOKUP("6.03",INDEX(_xlfn.ANCHORARRAY(Caixa!$B$5),0,1),INDEX(_xlfn.ANCHORARRAY(Caixa!$B$5),0,COLUMN()-1)),""))} | K31: {=IF(K$5="","",IFERROR(_xlfn.XLOOKUP("6.03",INDEX(_xlfn.ANCHORARRAY(Caixa!$B$5),0,1),INDEX(_xlfn.ANCHORARRAY(Caixa!$B$5),0,COLUMN()-1)),""))}
B32: Operações + investimentos | D32: =IF(D$5="","",IFERROR(D29+D30,"")) | E32: =IF(E$5="","",IFERROR(E29+E30,"")) | F32: =IF(F$5="","",IFERROR(F29+F30,"")) | G32: =IF(G$5="","",IFERROR(G29+G30,"")) | H32: =IF(H$5="","",IFERROR(H29+H30,"")) | I32: =IF(I$5="","",IFERROR(I29+I30,"")) | J32: =IF(J$5="","",IFERROR(J29+J30,"")) | K32: =IF(K$5="","",IFERROR(K29+K30,""))
B33: Conversão de caixa (operações / EBITDA) | D33: =IF(D$5="","",IFERROR(D29/D14,"")) | E33: =IF(E$5="","",IFERROR(E29/E14,"")) | F33: =IF(F$5="","",IFERROR(F29/F14,"")) | G33: =IF(G$5="","",IFERROR(G29/G14,"")) | H33: =IF(H$5="","",IFERROR(H29/H14,"")) | I33: =IF(I$5="","",IFERROR(I29/I14,"")) | J33: =IF(J$5="","",IFERROR(J29/J14,"")) | K33: =IF(K$5="","",IFERROR(K29/K14,""))
B35: Colunas sem exercício ficam vazias. Crescimento e ROE usam o ano anterior; na primeira coluna o ROE usa o PL do próprio ano.

Sheet Multiplos
B1: fintay | C1: Múltiplos
C2: Preço e valor de mercado contra resultados do último exercício.
B4: Mercado
B5: Último fechamento (R$) | D5: =Mercado!$D$5
B6: Valor de mercado (R$ milhões) | D6: =IFERROR(INDEX(_xlfn.ANCHORARRAY(Mercado!$B$9),2,MATCH("market_cap",INDEX(_xlfn.ANCHORARRAY(Mercado!$B$9),1,0),0))/1000000,"")
B7: P/L | D7: =IFERROR(INDEX(_xlfn.ANCHORARRAY(Mercado!$B$9),2,MATCH("price_to_earnings",INDEX(_xlfn.ANCHORARRAY(Mercado!$B$9),1,0),0)),"")
B8: P/VP | D8: =IFERROR(INDEX(_xlfn.ANCHORARRAY(Mercado!$B$9),2,MATCH("price_to_book",INDEX(_xlfn.ANCHORARRAY(Mercado!$B$9),1,0),0)),"")
B9: Dividend yield | D9: =IFERROR(INDEX(_xlfn.ANCHORARRAY(Mercado!$B$9),2,MATCH("dividend_yield",INDEX(_xlfn.ANCHORARRAY(Mercado!$B$9),1,0),0)),"")
B10: Beta | D10: =IFERROR(INDEX(_xlfn.ANCHORARRAY(Mercado!$B$9),2,MATCH("beta",INDEX(_xlfn.ANCHORARRAY(Mercado!$B$9),1,0),0)),"")
B12: Contra o último exercício
B13: Último exercício | D13: {=IFERROR(LOOKUP(2,1/(Analise!$D$5:$K$5<>""),Analise!$D$5:$K$5),"")}
B14: Dívida líquida (R$ milhões) | D14: {=IFERROR(LOOKUP(2,1/(Analise!$D$5:$K$5<>""),Analise!$D$23:$K$23),"")}
B15: Valor da firma (R$ milhões) | D15: =IFERROR(D6+D14,"")
B16: Valor da firma / EBITDA | D16: {=IFERROR(D15/LOOKUP(2,1/(Analise!$D$5:$K$5<>""),Analise!$D$14:$K$14),"")}
B17: Valor da firma / EBIT | D17: {=IFERROR(D15/LOOKUP(2,1/(Analise!$D$5:$K$5<>""),Analise!$D$11:$K$11),"")}
B18: Preço / lucro do exercício | D18: {=IFERROR(D6/LOOKUP(2,1/(Analise!$D$5:$K$5<>""),Analise!$D$17:$K$17),"")}
B19: Valor de mercado / caixa das operações | D19: {=IFERROR(D6/LOOKUP(2,1/(Analise!$D$5:$K$5<>""),Analise!$D$29:$K$29),"")}
B21: O P/L de mercado usa o lucro dos últimos 12 meses; a linha "Preço / lucro do exercício" usa o último exercício anual da aba Analise.

Sheet DRE
B1: fintay | C1: Demonstração do resultado
C2: DRE anual consolidada, R$ milhões.
B4: Dados conectados. Não edite esta aba: as outras abas leem daqui.
B5: {=Fintay_Demonstrativos(Inicio!$D$6,1,4,Inicio!$D$7,1,,,"",3)} -> #NAME?

Sheet Ativo
B1: fintay | C1: Balanço patrimonial: ativo
C2: Balanço anual consolidado, R$ milhões.
B4: Dados conectados. Não edite esta aba: as outras abas leem daqui.
B5: {=Fintay_Demonstrativos(Inicio!$D$6,2,4,Inicio!$D$7,1,,,"",3)} -> #NAME?

Sheet Passivo
B1: fintay | C1: Balanço patrimonial: passivo e PL
C2: Balanço anual consolidado, R$ milhões.
B4: Dados conectados. Não edite esta aba: as outras abas leem daqui.
B5: {=Fintay_Demonstrativos(Inicio!$D$6,3,4,Inicio!$D$7,1,,,"",3)} -> #NAME?

Sheet Caixa
B1: fintay | C1: Fluxo de caixa (método indireto)
C2: DFC anual consolidada, R$ milhões.
B4: Dados conectados. Não edite esta aba: as outras abas leem daqui.
B5: {=Fintay_Demonstrativos(Inicio!$D$6,4,4,Inicio!$D$7,1,,,"",3)} -> #NAME?

Sheet Mercado
B1: fintay | C1: Dados de mercado
C2: Último fechamento e múltiplos.
B4: Dados conectados. Não edite esta aba.
B5: Último fechamento (R$) | D5: =IFERROR(INDEX(_xlfn.TAKE(Fintay_B3(Inicio!$D$6,TODAY()-20),-1),1,2),"")
B6: Data do fechamento | D6: =IFERROR(INDEX(_xlfn.TAKE(Fintay_B3(Inicio!$D$6,TODAY()-20),-1),1,1),"")
B8: Fundamentos
B9: {=Fintay_B3_Fundamentos_Completos(Inicio!$D$6,1,"snapshot_date,market_cap,enterprise_value,total_revenue,ebitda,net_income_to_common,total_cash,total_debt,price_to_earnings,price_to_book,dividend_yield,return_on_equity,beta")} -> #NAME?
B12: Perfil
B13: {=Fintay_B3_Perfil(Inicio!$D$6)} -> #NAME?
